 Dungeon Crawl Stone Soup version 0.28-a0-845-gfc338a8e3c (webtiles) character file.

Game seed: 6293802172482551942

14 spiderkeys the Ducker (level 2, 0/18 HPs)
             Began as a Deep Elf Abyssal Knight on Nov 13, 2021.
             Was a Follower of Lugonu.
             Slain by a quokka (1 damage)
             ... on level 1 of the Dungeon.
             The game lasted 00:01:32 (816 turns).

spiderkeys the Ducker (Deep Elf Abyssal Knight)      Turns: 816, Time: 00:01:33

Health: 0/18       AC:  3    Str: 10    XL:     2   Next: 27%
Magic:  5/5        EV: 12    Int: 14    God:    Lugonu [*.....]
Gold:   12         SH:  0    Dex: 15    Spells: 1/1 levels left

rFire   . . .      SeeInvis .   d - staff of poison {!a}
rCold   . . .      Faith    .   (no shield)
rNeg    . . .      Spirit   .   b - +0 leather armour
rPois   +          Reflect  .   (no helmet)
rElec   .          Harm     .   (no cloak)
rCorr   .          Rampage  .   (no gloves)
Will    .....                   (no boots)
Stlth   +.........              (no amulet)
HPRegen 0.06/turn               (no ring)
MPRegen 0.09/turn               (no ring)

@: no status effects
A: no striking features
a: Renounce Religion, Depart the Abyss


You were on level 1 of the Dungeon.
You worshipped Lugonu.
Lugonu was aware of your devotion.
You visited 1 branch of the dungeon, and saw 1 of its levels.
You visited the Abyss 1 time.

You collected 12 gold pieces.


   Skills:
 + Level 2.5 Fighting
 + Level 2.2 Short Blades
 + Level 1.0 Armour
 + Level 2.7 Dodging
 + Level 2.2 Invocations


You had one spell level left.
You didn't know any spells.
Your spell library was empty.

Inventory:

Hand Weapons
 a - a +1 short sword
Missiles
 c - 2 silver javelins
 f - 34 arrows
 g - 4 stones
Armour
 b - a +0 leather armour (worn)
Magical Staves
 d - a staff of poison (weapon) {!a}
   (You found it on level 3 of the Abyss)
Scrolls
 e - a scroll of summoning {unknown}
Potions
 h - a potion of magic {unknown}

Dungeon Overview and Level Annotations

Branches:
Dungeon (1/15)

Altars:

#.... #.#########
#....###.( .......
#........# .......
##........# .......
#......(..##....... #
#..........+b...... #
#......##.##....... #
#.......†..@....... #
#.......#.#.r......
######.......#.#........
.†.............#........
............#..#........
............#..#####..##
.......###....>.. ..#
######## ####.#### .# .#


You could see a quokka and a bat.


Message History

You hit the hobgoblin but do no damage. The hobgoblin hits you. 😕 HP[-2]
You take 2 damage, and now have 15/18 hp.
You hit the hobgoblin. The hobgoblin barely misses you.
You hit the hobgoblin but do no damage. The hobgoblin closely misses you.
You closely miss the hobgoblin. The hobgoblin barely misses you.
The hobgoblin hits you but does no damage.
You closely miss the hobgoblin. The hobgoblin barely misses you.
You closely miss the hobgoblin. The hobgoblin misses you.
You barely miss the hobgoblin. The hobgoblin hits you.
You hit the hobgoblin.
You kill the hobgoblin!
Lugonu accepts your kill.
No target in view!
Key pressed, stopping explore.
Found a stone staircase leading down. 😎 HP[+3]
Your hp is fully restored (18).
f - 34 arrows (gained 14)
A quokka comes into view.
A quokka is nearby!
A quokka is nearby!
No target in view!
No target in view!
No target in view!
No target in view!
The quokka bites you. 😕 HP[-4]
You take 4 damage, and now have 14/18 hp.
MASSIVE DAMAGE!! (PAUSE)
You hit the quokka.
The quokka bites you but does no damage.
A bat comes into view.
The quokka barely misses you. 😕 HP[+1]
You hit the quokka but do no damage. The quokka bites you. 😕 HP[-1]
You take 1 damage, and now have 14/18 hp.
You closely miss the quokka. The quokka bites you. 😮 HP[-2]
You take 2 damage, and now have 12/18 hp.
You miss the quokka.
The quokka bites you but does no damage.
The quokka bites you. 😮 HP[-2]
You take 2 damage, and now have 10/18 hp.
You completely miss the quokka. The quokka bites you.
* * * LOW HITPOINT WARNING * * *
😨 HP[-1]
You take 1 damage, and now have 9/18 hp.
You hit the quokka.
The quokka bites you but does no damage.
The quokka barely misses you.
You hit the quokka.
You kill the quokka!
Lugonu accepts your kill. The bat closely misses you.
A quokka comes into view.
The bat hits you.
* * * LOW HITPOINT WARNING * * *
You see here a quokka corpse. 😨 HP[-1]
You take 1 damage, and now have 8/18 hp.
Unknown command.
The bat barely misses you. The bat closely misses you.
The bat barely misses you.
You closely miss the quokka. The bat barely misses you. The quokka bites you.
* * * LOW HITPOINT WARNING * * *
The quokka closely misses you. 😨 HP[-1]
You take 1 damage, and now have 7/18 hp.
You closely miss the quokka. The bat closely misses you.
The quokka closely misses you.
You barely miss the quokka. The bat closely misses you.
The quokka closely misses you. The quokka completely misses you.
You miss the quokka. The bat hits you but does no damage.
The quokka barely misses you.
Unknown command.
You hit the quokka. The bat hits you.
* * * LOW HITPOINT WARNING * * *
The quokka bites you.
* * * LOW HITPOINT WARNING * * *
😱 HP[-4]
You take 4 damage, and now have 3/18 hp.
MASSIVE DAMAGE!! (PAUSE)
You hit the quokka but do no damage. The bat barely misses you.
The quokka barely misses you. The quokka closely misses you.
You closely miss the quokka. The bat hits you but does no damage.
The quokka bites you.
* * * LOW HITPOINT WARNING * * *
😱 HP[-2]
You take 2 damage, and now have 1/18 hp.
You hit the quokka but do no damage. The bat barely misses you.
The quokka closely misses you. x2
You hit the quokka but do no damage. The bat closely misses you.
The quokka barely misses you.
You closely miss the quokka. The bat hits you but does no damage.
The quokka bites you.
You die...

Skill      XL: |  1 |
---------------+----+-----
Armour         | 1 |  1.0
Fighting       | |  2.5
Short Blades   | |  2.2
Dodging        | |  2.7
Invocations    | |  2.2

Action                   || total
-------------------------++-------
Melee: Staff             ||    65
Invok: Depart the Abyss  ||     1
  Use: Scroll            ||     4
Armor: Leather armour    ||    20
Dodge: Dodged            ||    63

Levels and vault maps discovered:
D:1:      eino_arrival_water_star, layout_basic,
          chequers_ecumenical_altar_twisty, minmay_heptomino_l4

Notes
Turn   | Place    | Note
-------+----------+-------------------------------------------
     0 | Abyss:1  | spiderkeys the Deep Elf Abyssal Knight began the quest for
                  | the Orb.
     0 | Abyss:1  | Reached XP level 1. HP: 13/13 MP: 4/4
     0 | Abyss:1  | magus.rc [v1.9.10]
    46 | Abyss:1  | Noticed a smoke demon
    73 | Abyss:1  | HP: 3/13 [smoke demon/divine providence (10)]
   145 | Abyss:4  | Noticed a neqoxec
   146 | Abyss:4  | Noticed an apocalypse crab
   148 | D:1      | You pass through the gate.
   148 | D:1      | Escaped the Abyss
   560 | D:1      | Reached skill level 1 in Armour
   564 | D:1      | Reached XP level 2. HP: 10/18 MP: 5/5
   694 | D:1      | Reached * piety under Lugonu
   811 | D:1      | HP: 3/18 [quokka (4)]
   813 | D:1      | HP: 1/18 [quokka (2)]
   816 | D:1      | Slain by a quokka

Vanquished Creatures
  A bat (D:1)
  An endoplasm (D:1)
  A giant cockroach (D:1)
  A goblin (D:1)
  A hobgoblin (D:1)
  2 quokkas (D:1)
  2 frilled lizards (D:1)
  2 kobolds (D:1)
  A rat (D:1)
12 creatures vanquished.

Table legend:
 A = Non-vault XP
 B = Vault XP
 C = Vault XP percentage of total XP
 D = Non-vault monster count
 E = Vault monster count
 F = Vault count percentage of total count
                 A         B        C        D         E       F
            +---------+---------+-------+---------+---------+-------
      Total |      15 |       5 |  25.0 |       9 |       3 |  25.0
            +---------+---------+-------+---------+---------+-------
        D:1 |      15 |       5 |  25.0 |       9 |       3 |  25.0
            +---------+---------+-------+---------+---------+-------

Illustrated notes

Table legend:
 A = Kills in this place as a percentage of kills in entire the game.
 B = Kills by you in this place as a percentage of kills by you in the entire game.
 C = Kills by friends in this place as a percentage of kills by friends in the entire game.
 D = Other kills in this place as a percentage of other kills in the entire game.
 E = Experience gained in this place as a percentage of experience gained in the entire game.
 F = Experience gained in this place divided by the number of levels of this place that you have seen.
                   A       B       C       D       E      F
               +-------+-------+-------+-------+-------+----------------------
         Total | 100.0 | 100.0 |   N/A |   N/A | 100.0 |   4.0
       Dungeon | 100.0 | 100.0 |   N/A |   N/A | 100.0 |  20.0
               +-------+-------+-------+-------+-------+----------------------

Table legend: (Time is in decaauts)
 A = Elapsed time spent in this place.
 B = Non-inter-level travel time spent in this place.
 C = Inter-level travel time spent in this place.
 D = Time resting spent in this place.
 E = Time spent auto-exploring this place.
 F = Levels seen in this place.
 G = Mean time per level.
                   A        B        C        D        E       F      G
               +--------+--------+--------+--------+--------+-----+--------+
         Total |    829 |    829 |      0 |    152 |    451 |   5 |  165.8 |
       Dungeon |    681 |    681 |      0 |    152 |    415 |   1 |  681.0 |
         Abyss |    147 |    147 |      0 |      0 |     36 |   4 |   36.8 |
               +--------+--------+--------+--------+--------+-----+--------+

Top non-repeatable levels by time:
     D:1: 681 daAuts
 Abyss:1: 76 daAuts
 Abyss:2: 34 daAuts
 Abyss:3: 21 daAuts
 Abyss:4: 14 daAuts
